 Dungeon Crawl Stone Soup version 0.28-a0-1594-ga885d4b3d6 (webtiles) character file.

Game seed: 10139194881071908101

314 soggyman666 the Ruffian (level 6, -4/57 HPs)
             Began as a Troll Warper on Jan 21, 2022.
             Succumbed to a kobold brigand's curare-tipped dart
             ... in a sewer.
             The game lasted 00:12:50 (1955 turns).

soggyman666 the Ruffian (Troll Warper)              Turns: 1955, Time: 00:12:50

Health: -4/57      AC:  4    Str: 22    XL:     6   Next: 19%
Magic:  7/7        EV: 10    Int:  9    God:
Gold:   139        SH:  0    Dex:  9    Spells: 6/8 levels left

rFire   . . .      SeeInvis .     - Unarmed
rCold   . . .      Faith    .   (no shield)
rNeg    + . .      Spirit   .   a - +0 robe
rPois   .          Reflect  .   (helmet restricted)
rElec   .          Harm     .   (no cloak)
rCorr   .          Rampage  .   (gloves unavailable)
Will    .....                   (boots unavailable)
Stlth   +.........              (no amulet)
HPRegen 0.99/turn               f - ring of positive energy
MPRegen 0.10/turn               (no ring)

@: lethally poisoned (-4 -> -13), slowed, very slow
A: large, unfitting armour, claws 3, regeneration 1, shaggy fur 1, tough skin 1
a: no special abilities


You were in a sewer.
You visited 1 branch of the dungeon, and saw 4 of its levels.
You also visited: Sewer.

You collected 139 gold pieces.

Inventory:

Missiles
 c - 5 boomerangs of dispersal (quivered)
Armour
 a - a +0 robe (worn)
Jewellery
 f - a ring of positive energy (left claw)
Potions
 d - a potion of berserk rage {unknown}
 e - 2 potions of magic
 g - a potion of cancellation {unknown}
 i - 2 potions of curing {unknown}


   Skills:
 * Level 2.2 Fighting
 * Level 1.9 Throwing
 + Level 2.9 Dodging
 * Level 0.5 Stealth
 + Level 3.8 Unarmed Combat
 * Level 1.7 Spellcasting
 * Level 3.0 Translocations


You had 6 spell levels left.
You knew the following spells:

 Your Spells              Type           Power      Damage    Failure   Level
a - Blink                 Tloc           12%        N/A       16%         2

Your spell library contained the following spells:

 Spells                   Type           Power      Damage    Failure   Level
 Gell's Gravitas          Tloc           6%         N/A       30%         3
 Lesser Beckoning         Tloc           6%         N/A       30%         3
 Teleport Other           Tloc           6%         N/A       30%         3
 Manifold Assault         Tloc           6%         N/A       95%         5


Dungeon Overview and Level Annotations

Branches:
Dungeon (4/15)              Sewer (1/1)
 Temple: D:4-7

Altars:
Cheibriados

Shops:
D:1 (   D:4 =


Innate Abilities, Weirdness & Mutations

You are too large for most types of armour.
You have claws for hands.
Your natural rate of healing is unusually fast.
You are covered in fur. (AC +1)
You have tough skin. (AC +1)


Message History

You hear a splash.
The kobold brigand throws a curare-tipped dart.
The curare-tipped dart hits you.
You are poisoned.
You have difficulty breathing.
You feel as though you will be slow longer.
The kobold brigand throws a curare-tipped dart.
The curare-tipped dart misses you.
You enter the shallow water.
Moving in this stuff is going to be slow.
You feel very sick. The kobold brigand barely misses you.
You see here a +0 whip.
You miss the kobold brigand.
You feel sick.
The kobold brigand hits you with a +0 short sword. x3
You claw the kobold brigand!
The kobold brigand is moderately wounded.
You feel sick.
The kobold brigand hits you with a +0 short sword!
* * * LOW HITPOINT WARNING * * *
The kobold brigand hits you with a +0 short sword.
* * * LOW HITPOINT WARNING * * *
The kobold brigand hits you with a +0 short sword!
* * * LOW HITPOINT WARNING * * *
Blink to where?
Press: ? - help, Dir - move target
As you read the scroll of blinking, it crumbles to dust.
You feel sick.
You feel sick.
You are no longer poisoned.
The kobold brigand throws a curare-tipped dart.
The curare-tipped dart hits you.
You are lethally poisoned!
You have difficulty breathing.
* * * LOW HITPOINT WARNING * * *
You feel as though you will be slow longer.
The kobold brigand throws a curare-tipped dart.
The curare-tipped dart closely misses you.
Unknown command.
You die...

≈≈.########≈.≈..≈.≈≈≈≈≈.##
##≈≈...≈.####.≈≈≈≈≈≈.≈###
#≈≈.≈.≈≈.# ##≈..≈..≈## .
##≈≈..≈.≈≈####≈..≈≈.≈## .≈
≈≈)####.≈≈.##≈.≈.≈..≈≈##≈...
#### ##..≈≈≈....≈......≈..#
##≈≈≈≈≈.≈.≈..≈≈.≈.≈#
#≈..≈≈≈........≈≈.#
#≈≈≈.≈≈.@.K..≈≈≈≈≈#
#.≈.≈.......≈.≈..≈#
##≈≈...≈≈......≈.≈.## ####
##..≈.≈....≈..K.).≈..#
≈.≈####..≈≈##≈≈.......##.≈..#
##≈≈.≈..≈.####..≈≈.≈≈## #≈≈≈≈..
#≈≈≈≈≈≈≈.# ##.≈≈≈.≈≈## .≈≈≈≈≈
##J≈.....## #≈≈≈≈≈≈≈≈≈### ≈.≈.≈
≈.K########...≈.≈≈≈.K≈≈.#######


You could see 2 kobold brigands.

Vanquished Creatures
  A kobold brigand (Sewer)
  A bullfrog (D:4)
  An orc priest (D:3)
  5 adders
  A river rat (Sewer)
  5 worms
  5 dart slugs
  3 orcs (D:3)
  3 ball pythons
  6 bats
  10 endoplasms
  3 giant cockroaches (D:2)
  7 goblins
  5 hobgoblins
  7 kobolds
  2 quokkas
  8 frilled lizards
  7 rats
80 creatures vanquished.

Notes
Turn   | Place    | Note
-------+----------+-------------------------------------------
     0 | D:1      | soggyman666 the Troll Warper began the quest for the Orb.
     0 | D:1      | Reached XP level 1. HP: 19/19 MP: 1/1
    24 | D:1      | Reached XP level 2. HP: 24/27 MP: 2/2
    56 | D:1      | Found a faded altar of an unknown god.
   299 | D:1      | Found Purinory's Weapon Shoppe.
   450 | D:2      | Reached XP level 3. HP: 35/35 MP: 4/4
   453 | D:2      | Reached skill level 1 in Throwing
   718 | D:2      | Reached XP level 4. HP: 42/42 MP: 5/5
   990 | D:2      | Learned a level 2 spell: Blink
  1189 | D:3      | Found a snail-covered altar of Cheibriados.
  1363 | D:3      | Reached XP level 5. HP: 43/49 MP: 6/6
  1567 | D:4      | Found Budusuh's Jewellery Shop.
  1613 | D:4      | Found a glowing drain.
  1630 | Sewer    | Entered a sewer
  1804 | Sewer    | Reached XP level 6. HP: 56/57 MP: 7/7
  1954 | Sewer    | HP: 1/57 [asphyx]
  1955 | Sewer    | Succumbed to a kobold brigand's curare-tipped dart

Illustrated notes

Levels and vault maps discovered:
D:1:      eino_arrival_water_star, layout_rooms,
          hellmonk_ecumenical_altar_slurped_away, serial_shops,
          nicolae_shop_hallway_stairs
D:2:      layout_rooms, minivault_24, minmay_octomino_c4
D:3:      layout_basic, kennysheep_slug_shrine
D:4:      gammafunk_steamed_eel, layout_basic, old_standard_altar,
          cheibrodos_sewer_entry_bend, serial_shops, shop,
          nicolae_shop_advertising_works [nicolae_subvault_shop_adworks],
          nicolae_take_the_stairs, kennysheep_little_box, shop,
          kennysheep_minor_cross, hangedman_glass_teeth
Sewer:    sewer_co_tree

Skill      XL: |  1  2  3  4  5  6 |
---------------+-------------------+-----
Dodging        | 2 |  2.9
Throwing       | 1 |  1.9
Unarmed Combat | 3 |  3.8
Fighting       | 2 |  2.2
Translocations | 3 |  3.0
Stealth        | |  0.5
Spellcasting   | |  1.7

Action                   |  1- 3 |  4- 6 || total
-------------------------+-------+-------++-------
Melee: Unarmed           |    88 |   112 ||   200
       Punch             |     4 |     4 ||     8
 Cast: Blink             |       |     1 ||     1
  Use: Scroll            |     3 |     9 ||    12
       Potion            |     1 |       ||     1
Armor: Robe              |    21 |    25 ||    46
Dodge: Dodged            |    38 |    38 ||    76

Table legend: (Time is in decaauts)
 A = Elapsed time spent in this place.
 B = Non-inter-level travel time spent in this place.
 C = Inter-level travel time spent in this place.
 D = Time resting spent in this place.
 E = Time spent auto-exploring this place.
 F = Levels seen in this place.
 G = Mean time per level.
                   A        B        C        D        E       F      G
               +--------+--------+--------+--------+--------+-----+--------+
         Total |   2077 |   1964 |    113 |     81 |   1174 |   5 |  415.4 |
       Dungeon |   1638 |   1525 |    113 |     36 |    942 |   4 |  409.5 |
         Sewer |    439 |    439 |      0 |     45 |    232 |   1 |  439.0 |
               +--------+--------+--------+--------+--------+-----+--------+

Top non-repeatable levels by time:
     D:2: 630 daAuts
     D:3: 463 daAuts
     D:1: 443 daAuts
   Sewer: 439 daAuts
     D:4: 101 daAuts
